AoeStats
← Godzi

Black Forest

510716312Analyzed
4v4 RM · 2d ago on Oct 2, 2026· 61m 57s· 8 players
Game mode
Random Map
Map size
Large (8 player)
Population
200
Speed
Normal
Resources
Standard
Victory
Conquest
Starting age
Dark Age
Ending age
Imperial Age
RankedLock teamsTeams togetherTeam positionsShared explorationLock speedFull tech treeHidden civsTurbo modeCheats
Victory
Defeat
🇪🇸 Spanish · Spain
878
+13
🇬🇷 Vietnamese · Greece
816
+16
🇪🇸 Britons · Spain
791
+17
🇨🇳 Franks · China
765
+18
🇨🇳 Franks · China
854
-18
🇨🇳 Bulgarians · China
820
-16
🇨🇳 Bohemians · China
795
-15
🇺🇸 Franks · United States
792
-15
世锦赛冠军
3:27 Loom
10:33 Feudal Age
11:03 Double-Bit Axe
17:53 Castle Age
16:28 Horse Collar
21:14 Wheelbarrow
24:33 Fletching
28:06 Forging
27:57 Scale Mail Armor
28:05 Scale Barding Armor
29:00 Bloodlines
29:03 Husbandry
28:24 Light Cavalry
29:28 Murder Holes
33:35 Imperial Age
31:27 Hand Cart
31:45 Squires
31:06 Pikeman
33:05 Iron Casting
32:31 Scale Mail Armor
33:44 Stone Mining
33:45 Gold Mining
34:57 Hussar
36:28 Conscription
39:20 Chain Barding Armor
39:47 Elite Konnik
40:48 Conscription
39:53 Elite Konnik
41:08 Elite Konnik
41:43 Stirrups
43:02 Halberdier
937402928
0:45 Loom
16:37 Feudal Age
23:44 Double-Bit Axe
24:05 Fletching
24:16 Padded Archer Armor
28:19 Castle Age
29:21 Gold Mining
29:23 Stone Mining
29:46 Padded Archer Armor
30:10 Forging
40:43 Wheelbarrow
41:10 Ballistics
43:15 Hand Cart
42:46 Town Watch
46:16 Imperial Age
eleven
11:13 Feudal Age
12:38 Wheelbarrow
12:52 Double-Bit Axe
16:01 Scale Barding Armor
16:07 Forging
16:50 Scale Mail Armor
16:43 Fletching
16:57 Padded Archer Armor
19:43 Castle Age
20:22 Gold Mining
20:22 Stone Mining
21:03 Hand Cart
21:09 Bow Saw
22:47 Iron Casting
22:44 Chain Barding Armor
22:49 Light Cavalry
29:25 Caravan
30:04 Iron Casting
30:13 Husbandry
29:48 Elite Skirmisher
32:25 Ordonnance Companies
35:47 Imperial Age
35:39 Chain Mail Armor
36:55 Gold Shaft Mining
36:18 Stone Mining
37:21 Plate Barding Armor
37:47 Blast Furnace
37:48 Chivalry
38:25 Coinage
38:31 Cavalier
39:40 Elite Throwing Axeman
40:18 Paladin
41:02 Arson
40:39 Pikeman
41:20 Squires
44:23 Bodkin Arrow
44:44 Leather Archer Armor
46:21 Halberdier
seven^^
10:55 Feudal Age
16:41 Castle Age
30:59 Double-Bit Axe
35:57 Horse Collar
36:31 Bow Saw
39:00 Imperial Age
36:43 Heavy Plow
40:09 Chemistry
39:47 Sanctity
39:37 Fervor
40:36 Siege Engineers
40:44 Hussite Reforms
40:55 Redemption
42:54 Pikeman
43:47 Forging
43:38 Scale Mail Armor
43:40 Squires
45:32 Houfnice
52:19 Onager
53:17 Devotion
53:18 Atonement
54:45 Illumination
54:36 Block Printing
54:17 Herbal Medicine
54:57 Theocracy
54:43 Heresy
Godzi
10:49 Feudal Age
15:56 Castle Age
14:33 Horse Collar
15:39 Double-Bit Axe
17:25 Heavy Plow
20:15 Bow Saw
22:44 Wheelbarrow
24:03 Town Watch
24:05 Loom
24:38 Forging
27:19 Scale Barding Armor
29:48 Imperial Age
27:44 Ballistics
28:06 Gold Mining
28:11 Stone Mining
28:26 Caravan
28:56 Coinage
29:52 Hand Cart
31:58 Chemistry
31:56 Chain Barding Armor
32:12 Iron Casting
32:16 Cavalier
32:59 Husbandry
33:09 Bloodlines
33:25 Conscription
33:49 Banking
33:30 Guilds
35:49 Plate Barding Armor
36:15 Blast Furnace
36:14 Paladin
57:17 Capped Ram
mmpkitos
1:43 Loom
11:24 Feudal Age
14:12 Double-Bit Axe
19:40 Gold Mining
20:38 Horse Collar
20:34 Man-at-Arms
23:59 Fletching
24:09 Padded Archer Armor
27:47 Castle Age
27:04 Scale Mail Armor
28:25 Crossbowman
28:58 Pikeman
32:50 Gold Shaft Mining
32:06 Stone Mining
33:10 Wheelbarrow
36:53 Imperial Age
37:24 Arbalester
39:49 Bow Saw
40:25 Bodkin Arrow
40:45 Leather Archer Armor
41:58 Treadmill Crane
42:41 Ballistics
43:41 Chemistry
43:51 Two-Man Saw
42:55 Heavy Plow
43:42 Conscription
43:50 Siege Engineers
45:16 Capped Ram
45:17 Onager
46:25 Elite Longbowman
47:53 Yeomen
48:42 Murder Holes
48:58 Fortified Wall
48:38 Guard Tower
48:35 Arrowslits
48:40 Heated Shot
49:01 Masonry
48:58 Bracer
49:28 Ring Archer Armor
51:30 Forging
51:35 Chain Mail Armor
51:25 Scale Barding Armor
55:39 Iron Casting
55:34 Plate Mail Armor
55:24 Chain Barding Armor
kong
11:12 Feudal Age
16:46 Double-Bit Axe
17:35 Gold Mining
19:53 Castle Age
18:54 Gold Mining
20:06 Stone Mining
20:28 Forging
22:37 Gold Shaft Mining
22:12 Husbandry
23:11 Wheelbarrow
22:49 Caravan
30:25 Imperial Age
29:09 Iron Casting
28:40 Scale Barding Armor
28:54 Town Watch
28:57 Loom
31:04 Loom
33:11 Bow Saw
33:28 Chain Barding Armor
33:55 Conscription
34:17 Town Patrol
36:15 Cavalier
37:49 Hand Cart
44:36 Paladin
45:48 Chivalry
47:22 Blast Furnace
50:04 Plate Barding Armor
ME LENE GIORGO
2:17 Loom
14:16 Feudal Age
16:59 Double-Bit Axe
19:36 Wheelbarrow
22:35 Horse Collar
25:26 Castle Age
23:44 Fletching
23:54 Padded Archer Armor
26:32 Bow Saw
26:27 Bodkin Arrow
26:47 Leather Archer Armor
27:49 Heavy Plow
28:07 Hand Cart
27:40 Town Watch
27:20 Crossbowman
28:08 Thumb Ring
29:10 Town Patrol
32:22 Heated Shot
32:53 Ballistics
33:51 Pikeman
34:31 Squires
34:32 Arson
35:14 Arson
35:42 Forging
35:32 Scale Mail Armor
35:30 Elite Skirmisher
40:07 Imperial Age
39:05 Iron Casting
38:57 Chain Mail Armor
40:11 Fortified Wall
39:49 Treadmill Crane
40:22 Masonry
40:11 Gold Mining
40:15 Stone Mining
41:10 Arbalester
41:13 Halberdier
41:21 Elite Fire Lancer
42:25 Bracer
42:56 Ring Archer Armor
44:01 Plate Mail Armor
44:29 Imperial Skirmisher
52:55 Caravan
58:11 Crop Rotation
58:44 Two-Man Saw
Connection lost

Rejoining the realm…

Still unreachable

The connection could not be restored.

Session expired

The server has moved on; the page needs a fresh start.